Map: King Sejong Station LE

Players

Drager

  • Race: Protoss Protoss
  • League: Master

Stephano - Winner!

  • Race: Zerg Zerg
  • League: Master

VOD

https://www.youtube.com/channel/UCcSgNfDNxvyisU-eCj9xyNg/playlists

Description

Time

  • Played on: Aug. 28, 2016, 4:17 a.m.
  • Length: 9:49
Show
View Real Time Build Order
Export as new Build Order

Drager Protoss 

Build Orders: 1 Gate Expand, Forge Fast Expand (FFE) 

Get SALT Encoding   

  12  0:00  Probe (Chrono Boost)  
  13  0:11  Probe (Chrono Boost)  
  14  0:18  Pylon  
  14  0:22  Probe (Chrono Boost)  
  15  0:36  Probe (Chrono Boost)  
  15  0:39  Gateway  
  16  0:46  Probe (Chrono Boost)  
  17  0:54  Forge  
  18  0:57  Probe (Chrono Boost)  
  18  1:07  Probe (Chrono Boost)  
  19  1:16  Assimilator  
  19  1:18  Probe (Chrono Boost)  
  20  1:35  Probe (Chrono Boost), Nexus  
  21  1:42  Cybernetics Core  
  21  1:47  Probe (Chrono Boost)  
  22  1:53  Pylon  
  22  1:59  Probe (Chrono Boost)  
  23  2:10  Assimilator  
  23  2:12  Pylon  
  22  2:36  Pylon  
  22  2:51  Mothership Core (Chrono Boost)  
  20  3:06  Probe (Chrono Boost)  
  20  3:09  Probe (Chrono Boost)  
  23  3:20  Probe (Chrono Boost)  
  23  3:25  Pylon  
  22  3:29  Probe (Chrono Boost)  
  22  3:32  Adept  
  23  3:34  Probe (Chrono Boost)  
  23  3:40  Probe (Chrono Boost)  
  24  3:45  Probe (Chrono Boost)  
  25  3:50  Probe (Chrono Boost)  
  25  3:55  Probe (Chrono Boost)  
  27  4:01  Probe (Chrono Boost), Warp Gate  
  27  4:02  Twilight Council  
  28  4:06  Probe (Chrono Boost)  
  28  4:08  Adept  
  31  4:12  Probe (Chrono Boost)  
  31  4:16  Probe (Chrono Boost)  
  33  4:20  Pylon  
  33  4:22  Probe (Chrono Boost)  
  34  4:25  Resonating Glaives  
  34  4:27  Probe (Chrono Boost)  
  35  4:33  Probe (Chrono Boost)  
  37  4:39  Probe (Chrono Boost)  
  37  4:43  Probe (Chrono Boost)  
  38  4:47  Gateway  
  38  4:48  Gateway  
  38  4:51  Probe (Chrono Boost)  
  39  4:54  Probe (Chrono Boost)  
  40  5:01  Adept  
  40  5:03  Probe (Chrono Boost)  
  40  5:04  Probe (Chrono Boost)  
  45  5:15  Probe (Chrono Boost)  
  44  5:22  Gateway x2  
  44  5:25  Gateway  
  44  5:30  Gateway  
  44  5:34  Gateway  
  44  5:41  Probe x2 (Chrono Boost)  
  46  5:43  Pylon  
  46  5:53  Pylon  
  46  5:56  Pylon  
  46  6:02  Adept  
  46  6:03  Adept x2  
  52  6:08  Pylon  
  52  6:17  Pylon  
  52  6:20  Adept x2  
  52  6:23  Adept x2  
  52  6:24  Adept  
  62  6:27  Pylon, Adept  
  62  6:29  Adept  
  66  6:40  Adept x2  
  66  6:41  Adept  
  52  7:04  Adept x7  
  46  7:30  Adept x7  
  46  7:31  Adept  
  56  7:51  Adept x7  
  48  7:56  Adept  
  50  8:15  Adept x2  
  50  8:16  Adept x3  
  50  8:17  Adept  
  56  8:23  Adept x2  
  56  8:47  Adept x3  
  56  8:48  Adept x3  
  58  8:53  Adept  
  50  9:00  Pylon  
  44  9:04  Adept x2  
  48  9:10  Adept x2  
  52  9:18  Adept x2  
  52  9:22  Adept  
  58  9:34  Adept x2  
  58  9:35  Adept  
  60  9:40  Adept  
Show
View Real Time Build Order
Export as new Build Order

Stephano Zerg - Winner!

Build Orders: Pool First 

Get SALT Encoding   

  12  0:01  Drone  
  13  0:08  Drone  
  14  0:25  Spawning Pool  
  13  0:29  Drone  
  14  0:35  Overlord  
  14  0:45  Drone, Extractor  
  15  0:54  Drone x2  
  17  1:12  Zergling x2  
  17  1:16  Hatchery, Zergling x2  
  18  1:24  Zergling x2  
  19  1:29  Queen  
  21  1:36  Zergling x2  
  22  1:46  Overlord  
  22  2:07  Drone  
  22  2:08  Queen, Drone  
  26  2:21  Drone  
  27  2:33  Drone x2  
  29  2:40  Drone x2  
  29  2:41  Drone  
  32  2:48  Hatchery  
  31  2:53  Drone x2  
  31  2:55  Drone x2  
  34  3:00  Drone  
  34  3:05  Overlord  
  35  3:22  Queen  
  35  3:25  Drone x6  
  35  3:26  Drone  
  43  3:27  Drone  
  43  3:33  Overlord  
  43  3:34  Overlord  
  43  3:36  Extractor  
  43  3:37  Extractor  
  43  3:40  Drone  
  41  3:43  Drone  
  42  3:52  Drone  
  42  3:53  Drone  
  44  3:59  Drone  
  45  4:04  Hatchery, Drone x2  
  46  4:14  Overlord x2  
  46  4:15  Drone x4  
  46  4:16  Drone  
  51  4:17  Queen  
  51  4:21  Metabolic Boost  
  53  4:28  Zergling x6  
  56  4:31  Evolution Chamber  
  56  4:32  Evolution Chamber, Drone  
  56  4:35  Drone x2  
  57  4:40  Zergling x6  
  57  4:41  Zergling x6  
  57  4:43  Drone  
  57  4:44  Drone  
  65  4:49  Drone x2  
  65  4:50  Drone  
  68  5:01  Overlord  
  68  5:03  Drone x3  
  68  5:04  Queen  
  73  5:07  Extractor  
  73  5:09  Drone x2  
  73  5:11  Drone  
  73  5:13  Zerg Melee Weapons Level 1  
  75  5:17  Zerg Ground Armor Level 1  
  75  5:20  Hatchery  
  74  5:28  Zergling x20  
  83  5:29  Zergling x2  
  85  5:36  Drone  
  85  5:37  Drone  
  87  5:44  Zergling x18  
  87  5:45  Baneling Nest  
  95  5:54  Lair  
  95  5:57  Drone  
  95  6:00  Overlord  
  95  6:01  Overlord  
  95  6:02  Spine Crawler  
  95  6:06  Spine Crawler  
  95  6:07  Roach Warren  
  93  6:16  Drone x2  
  93  6:17  Drone  
  93  6:18  Overlord  
  96  6:19  Overlord  
  96  6:20  Drone x5  
  96  6:24  Overlord  
  96  6:25  Zergling x12  
  105  6:26  Zergling x2  
  108  6:33  Baneling x5  
  108  6:36  Baneling  
  108  6:37  Baneling x13  
  108  6:40  Zergling x6  
  109  6:55  Zergling x18  
  105  7:02  Zergling x12  
  108  7:11  Zergling x6  
  108  7:14  Queen x2  
  105  7:26  Zergling x10  
  105  7:27  Queen  
  105  7:28  Queen  
  105  7:29  Queen, Drone  
  112  7:30  Drone x5  
  112  7:35  Centrifical Hooks, Baneling x3  
  115  7:41  Zergling x10  
  119  7:50  Queen  
  116  7:54  Zergling x2  
  116  7:55  Zergling x12  
  122  8:11  Zergling x16  
  122  8:12  Zergling x8  
  127  8:18  Hatchery  
  122  8:21  Baneling  
  122  8:22  Baneling x9  
  122  8:24  Zergling x2  
  122  8:25  Zergling x14  
  129  8:40  Zergling x2  
  129  8:41  Zergling x14  
  123  8:54  Zergling x18  
  123  8:55  Queen x2  
  119  9:02  Zergling x2  
  116  9:03  Zergling x4  
  116  9:06  Zergling x10  
  120  9:11  Extractor x2  
  120  9:12  Infestation Pit  
  120  9:13  Zergling x10  
  120  9:15  Baneling x12  
  122  9:23  Zergling x8  
  126  9:26  Baneling x5  
Tags
 
Add a new tag
Caveats
  • Supply blocks, unpowered buildings, or Contaminate may cause inaccurate times.
  • Supply counts are checked every 10 seconds.